 Dungeon Crawl Stone Soup version 0.27.0 (webtiles) character file.

Game seed: 7044386938408413223

279 shoop the Slasher (level 6, -2/43 HPs)
             Began as a Djinni Wanderer on July 31, 2021.
             Slain by an ogre (11 damage)
             ... on level 4 of the Dungeon.
             The game lasted 00:08:58 (3700 turns).

shoop the Slasher (Djinni Wanderer)                 Turns: 3700, Time: 00:08:59

Health: -2/43      AC:  6    Str: 10    XL:     6   Next: 52%
Gold:   151        EV: 10    Int: 14    God:
                   SH:  0    Dex: 15

rFire    + + .     SeeInvis .   e - +0 falchion (elec)
rCold    x . .     Faith    .   (no shield)
rNeg     . . .     Spirit   .   c - +0 ring mail
rPois    ∞         Reflect  .   (no helmet)
rElec    .         Harm     .   k - +0 cloak
rCorr    .         Rampage  .   (no gloves)
Will     .....                  (boots unavailable)
Stlth    +.........             (no amulet)
HPRegen  0.14/turn              (no ring)
MPRegen  0.00/turn              (no ring)

@: flying, very slightly contaminated
A: sickness immunity, fire resistance 2, cold vulnerability 1, float, innate
caster, hp casting, extra vitality 1
a: no special abilities


You were on level 4 of the Dungeon.
You visited 1 branch of the dungeon, and saw 4 of its levels.

You collected 151 gold pieces.

Inventory:

Hand Weapons
 a - a +0 shortbow
 e - a +0 falchion of electrocution (weapon)
Missiles
 b - 52 arrows
Armour
 c - a +0 ring mail (worn)
 k - a +0 cloak (worn)
Magical Staves
 f - a staff of death
Scrolls
 g - a scroll of identify {unknown}
 h - a scroll of holy word {unknown}
 i - a scroll of vulnerability {unknown}
 l - a scroll of silence {unknown}
Potions
 d - 4 potions of curing {unknown}
 j - 2 potions of brilliance {unknown}


   Skills:
 - Level 2.0 Fighting
 + Level 4.5 Long Blades
 - Level 1.3 Bows
 - Level 1.0 Armour
 - Level 0.4 Dodging
 - Level 1.0 Stealth
 - Level 1.0 Shields
 - Level 4.3 Spellcasting
 - Level 1.0 Evocations


You couldn't memorise any spells.
You knew the following spells:

 Your Spells              Type           Power      Damage    Failure   Level
a - Magic Dart            Conj           60%        1d6       8%          1
b - Blink                 Tloc           N/A        N/A       12%         2
c - Mephitic Cloud        Conj/Pois/Air  15%        N/A       24%         3
d - Slow                  Hex            15%        N/A       12%         2
e - Conjure Flame         Conj/Fire      15%        6-21      24%         3
f - Call Imp              Summ           15%        N/A       12%         2
g - Pain                  Necr           60%        1d7       8%          1
h - Corpse Rot            Necr/Air       N/A        N/A       12%         2

Your spell library contained the following spells:

 Spells                   Type           Power      Damage    Failure   Level


Dungeon Overview and Level Annotations

Branches:
Dungeon (4/15)
 Temple: D:4-7

Altars:
Wu Jian

Shops:
D:3 [

Annotations:
D:3 2 transporters, Myro's ghost, amateur GrBe


Innate Abilities, Weirdness & Mutations

You are immune to sickness and miasma.
You are immune to poison.
Your flesh is very heat resistant. (rF++)
You are vulnerable to cold. (rC-)
You float through the air rather than walking.
You learn spells naturally, not from books.
Your magical power is your life essence.
You have superior vitality. (+4 HP)


Message History

An ogre comes into view. It is wielding a +0 giant club.
Casting: Magic Dart (safe; 8% risk of failure)
Confirm with . or Enter, or press ? or * to list all spells.
You blink.
Casting: Blink (safe; 12% risk of failure)
Confirm with . or Enter, or press ? or * to list all spells.
The spell is quite dangerous to cast (24% risk of failure)!
Continue anyway?
Aiming: Mephitic Cloud (quite dangerous; 24% risk of failure)
Press: ? - help, Shift-Dir - straight line You miscast Mephitic Cloud.
You are very lightly contaminated with residual magic.
Nothing appears to happen.
Unknown command.
Casting: Mephitic Cloud (quite dangerous; 24% risk of failure)
Confirm with . or Enter, or press ? or * to list all spells.
The spell is quite dangerous to cast (24% risk of failure)!
Continue anyway?
Aiming: Mephitic Cloud (quite dangerous; 24% risk of failure)
Press: ? - help, Shift-Dir - straight line, f - ogre
Aim: an ogre, wielding a +0 giant club (chance to affect: 77%)
You miscast Mephitic Cloud.
Nothing appears to happen.
Casting: Mephitic Cloud (quite dangerous; 24% risk of failure)
Confirm with . or Enter, or press ? or * to list all spells.
The spell is quite dangerous to cast (24% risk of failure)!
Continue anyway?
Aiming: Mephitic Cloud (quite dangerous; 24% risk of failure)
Press: ? - help, Shift-Dir - straight line, p - ogre The ball explodes into a vile cloud!
The stinking cloud engulfs you but does no damage.
You hear a shout!
The ogre is engulfed in noxious fumes.
The ogre appears confused.
The ogre hits you with a +0 giant club!!
Ouch! That really hurt!
* * * LOW HITPOINT WARNING * * *
You hit the ogre. Lightning courses through the ogre!
The ogre is severely wounded.
An ufetubus comes into view.
The ogre barely misses you.
You slash the ogre!
The ogre is almost dead.
The ogre hits you with a +0 giant club!
You die...

....## ##...## .#
....## ##.....## #.#
.....###.......## ..
#..⌠..#.........# .#
......#.....)...##.#
.PP...............#
P≈≈P............†.#
.P..............O.#
................@.#
###...............#
#...............#
................#
##.............5..#
..............##
........## .......##
.....#


You could see an ogre (confused) and an ufetubus.

Vanquished Creatures
  Sigmund (D:2)
  3 adders (D:2)
  4 gnolls
  3 dart slugs
  An orc (D:2)
  4 bats
  4 endoplasms
  5 giant cockroaches
  8 goblins
  5 hobgoblins
  4 jackals (D:1)
  4 quokkas
  9 ball pythons
  5 frilled lizards
  11 kobolds
  9 rats
80 creatures vanquished.

Notes
Turn   | Place    | Note
-------+----------+-------------------------------------------
     0 | D:1      | shoop the Djinni Wanderer began the quest for the Orb.
     0 | D:1      | Reached XP level 1. HP: 18/18 MP: 0/0
   167 | D:1      | Reached skill level 1 in Stealth
   221 | D:1      | Reached XP level 2. HP: 18/23 MP: 0/0
   282 | D:1      | Reached skill level 1 in Bows
   282 | D:1      | Reached XP level 3. HP: 19/28 MP: 0/0
   282 | D:1      | Learned a level 1 spell: Pain
  1235 | D:2      | Noticed Sigmund
  1606 | D:2      | Reached XP level 4. HP: 31/33 MP: 0/0
  1610 | D:2      | Reached skill level 1 in Long Blades
  1818 | D:2      | Killed Sigmund
  1819 | D:2      | Reached XP level 5. HP: 33/38 MP: 0/0
  1819 | D:2      | Learned a level 2 spell: Corpse Rot
  1819 | D:2      | Reached XP level 6. HP: 37/43 MP: 0/0
  2324 | D:2      | Found an ornate altar of the Wu Jian Council.
  2687 | D:3      | Found a transporter.
  2688 | D:3      | Found a transporter.
  2972 | D:3      | Noticed Myro's ghost (amateur GrBe)
  3235 | D:3      | Found Amupuyc's Armour Shoppe.
  3691 | D:4      | Noticed an ogre
  3700 | D:4      | Slain by an ogre

Illustrated notes

Levels and vault maps discovered:
D:1:      roderic_crossed_star, layout_loops_ring
D:2:      layout_basic, basic_altar, uniq_sigmund
D:3:      layout_loops_ring, gammafunk_ghost_mausoleum, serial_shops, shop
D:4:      layout_cave_pods, tso_oasis_becter, mainiacjoe_overflow_swirl,
          gammafunk_ghost_nasty_kobolds, minmay_starry_boxes

Skill      XL: |  1  2  3  4  5  6 |
---------------+-------------------+-----
Stealth        | 1 |  1.0
Bows           | 1 |  1.3
Long Blades    | 3 4 |  4.5
Fighting       | |  2.0
Armour         | |  1.0
Dodging        | |  0.4
Shields        | |  1.0
Spellcasting   | |  4.3
Evocations     | |  1.0

Action                   |  1- 3 |  4- 6 || total
-------------------------+-------+-------++-------
Melee: Falchion          |     4 |    83 ||    87
 Fire: Shortbow          |    21 |       ||    21
 Cast: Magic Dart        |    60 |    30 ||    90
       Mephitic Cloud    |     1 |     3 ||     4
       Call Imp          |       |     1 ||     1
       Blink             |       |     2 ||     2
 Stab: Confused          |       |     1 ||     1
       Sleeping          |       |     1 ||     1
Armor: Ring mail         |    11 |    28 ||    39
Dodge: Dodged            |    15 |    40 ||    55
       Rpst.: Falchion   |       |     7 ||     7
